 Dungeon Crawl Stone Soup version 0.26.0-10-g1f06aea511 (webtiles) character file.

Game seed: 1183025141382635078

175 MajorAdolf the Magician (level 5, -4/46 HPs)
             Began as a Naga Wanderer on Jan 16, 2021.
             Slain by an ice beast (10 damage)
             ... on level 3 of the Dungeon.
             The game lasted 00:03:16 (3354 turns).

MajorAdolf the Magician (Naga Wanderer)             Turns: 3354, Time: 00:03:17

Health: -4/46      AC:  7    Str: 15    XL:     5   Next: 55%
Magic:  11/11      EV:  2    Int: 14    God:
Gold:   216        SH:  0    Dex:  9    Spells: 11/12 levels left

rFire    + . .     SeeInvis +   g - +1 whip (freeze)
rCold    . . .     Faith    .   (no shield)
rNeg     . . .     Spirit   .   k - +0 plate armour
rPois    +         Reflect  .   (no helmet)
rElec    .         Harm     .   (no cloak)
rCorr    .         Rampage  .   (no gloves)
Will     .....                  (no barding)
Stlth    ..........             (no amulet)
HPRegen  0.15/turn              p - ring of attention (curse)
MPRegen  0.12/turn              t - ring of protection from fire

@: very slow
A: large, see invisible, deformed body, poison resistance, slowness 2, spit
poison 1, AC +1
a: Spit Poison


You were on level 3 of the Dungeon.
You visited 1 branch of the dungeon, and saw 3 of its levels.

You collected 216 gold pieces.

Inventory:

Hand Weapons
 a - a +0 club
 f - a +0 dagger
 g - a +1 whip of freezing (weapon)
Missiles
 w - 9 poisoned darts
Armour
 d - a +0 robe
 k - a +0 plate armour (worn)
Jewellery
 p - a cursed ring of attention (left hand)
 t - a ring of protection from fire (right hand)
 v - an uncursed amulet of faith
Wands
 u - a wand of flame (14)
Scrolls
 b - 2 scrolls of identify
 e - 2 scrolls of blinking {unknown}
 h - a scroll of teleportation {unknown}
 l - 2 scrolls of remove curse {unknown}
 m - a scroll of immolation {unknown}
 n - a scroll of fear
 o - a scroll of fog
Potions
 c - 3 potions of curing
 i - 2 potions of flight {unknown}
 j - a potion of heal wounds {unknown}
 q - 3 potions of attraction {unknown}
 r - 2 potions of ambrosia {unknown}
 s - 2 potions of resistance {unknown}


   Skills:
 + Level 2.7 Fighting
 + Level 2.2 Armour
 + Level 2.2 Dodging
 - Level 3.0 Stealth
 - Level 4.0 Spellcasting
 - Level 2.0 Hexes
 - Level 1.0 Summonings
 - Level 1.0 Translocations


You had 11 spell levels left.
You knew the following spells:

 Your Spells              Type           Power        Failure   Level
a - Animate Skeleton      Necr           4%           100%        1

Your spell library contained the following spells:

 Spells                   Type           Power        Failure   Level
 Blink                    Tloc           N/A          100%        2
 Gell's Gravitas          Tloc           2%           100%        3
 Lesser Beckoning         Tloc           2%           100%        3
 Teleport Other           Tloc           5%           100%        3
 Vampiric Draining        Necr           1%           100%        3
 Passage of Golubria      Tloc           N/A          100%        4


Dungeon Overview and Level Annotations

Branches:
Dungeon (3/15)

Altars:
Ashenzari


Innate Abilities, Weirdness & Mutations

You cannot wear boots.
Your serpentine skin is tough. (AC +1)
You have supernaturally acute eyesight. (SInv)
Armour fits poorly on your strangely shaped body.
Your system is resistant to poisons. (rPois)
You cover ground very slowly.
You can spit poison.


Message History

An ice beast is nearby!
An ice beast is nearby!
You completely miss the ice beast.
The ice beast hits you but does no damage.
You hit the ice beast but do no damage. The ice beast hits you.
The ice beast freezes you!
You hit the ice beast.
The ice beast is lightly wounded.
The ice beast hits you but does no damage.
You hit the ice beast.
The ice beast is lightly wounded.
The ice beast hits you. The ice beast freezes you!
You hit the ice beast.
The ice beast is lightly wounded.
The ice beast hits you. The ice beast freezes you!
* * * LOW HITPOINT WARNING * * *
The ice beast hits you.
* * * LOW HITPOINT WARNING * * *
The ice beast freezes you!
You die...

#.# ###
#..#.# ..#
#.##.# ..#
#.##.# ..#
#.#.#.#
).#
###.###..#
..# ..#
##.# ....
###.###.##
.....
#.#.##
.....#
#@##
.....# #Y#
.#.### #.#
..# ..#
#$.# ...#
#.##


You could see an ice beast.

Vanquished Creatures
  An orc wizard (D:3)
  An orc priest (D:3)
  3 adders
  A dart slug (D:3)
  2 leopard geckos
  9 orcs
  2 giant cockroaches (D:3)
  15 goblins
  6 hobgoblins
  8 jackals
  6 kobolds
  2 quokkas (D:3)
  A ball python (D:2)
  4 bats
  5 frilled lizards
  7 rats
73 creatures vanquished.

Notes
Turn   | Place    | Note
-------+----------+-------------------------------------------
     0 | D:1      | MajorAdolf the Naga Wanderer began the quest for the Orb.
     0 | D:1      | MajorAdolf set off with the following items: a +0 club, a
                  | potion of curing, a +0 robe, a +0 dagger; and the following
                  | spell memorised: Animate Skeleton; and the following spells
                  | available to memorise: Blink, Gell's Gravitas, Lesser
                  | Beckoning, Teleport Other, Vampiric Draining, Passage of
                  | Golubria
     0 | D:1      | Reached XP level 1. HP: 15/15 MP: 5/5
   439 | D:1      | Reached XP level 2. HP: 22/24 MP: 7/7
   473 | D:1      | Reached skill level 1 in Fighting
   880 | D:1      | Reached skill level 1 in Armour
   880 | D:1      | Reached skill level 1 in Dodging
  1074 | D:1      | Reached XP level 3. HP: 31/31 MP: 8/8
  2075 | D:3      | Reached XP level 4. HP: 38/39 MP: 10/10
  2090 | D:3      | Found a broken altar of Ashenzari.
  2834 | D:3      | Reached XP level 5. HP: 34/46 MP: 11/11
  3348 | D:3      | Noticed an ice beast
  3354 | D:3      | Slain by an ice beast

Illustrated notes

Levels and vault maps discovered:
D:1:      dpeg_arrival_central, layout_loops_ring, minmay_tetromino_o4
D:2:      layout_basic
D:3:      layout_loops_ring, ashenzari_conservatory_becter,
          minmay_goblin_outpost

Skill      XL: |  1  2  3  4 |
---------------+-------------+-----
Fighting       | 1 2 |  2.7
Armour         | 1 2 |  2.2
Dodging        | 1 2 |  2.2
Stealth        | |  3.0
Spellcasting   | |  4.0
Hexes          | |  2.0
Summonings     | |  1.0
Translocations | |  1.0

Action                   |  1- 3 |  4- 6 || total
-------------------------+-------+-------++-------
Melee: Whip              |   138 |   156 ||   294
 Cast: Animate Skeleton  |     1 |       ||     1
 Abil: Spit Poison       |     4 |     8 ||    12
  Use: Scroll            |       |     3 ||     3
       Potion            |       |     1 ||     1
 Stab: Sleeping          |     1 |       ||     1
Armor: Plate armour      |   122 |   114 ||   236
Dodge: Dodged            |    18 |    22 ||    40
